 Dungeon Crawl Stone Soup version 0.26-a0-259-g1effd001a9 (webtiles) character file.

Game seed: 10149792577683678932

1 Apogee the Chopper (level 1, -1/30 HPs)
             Began as a Hill Orc Berserker on July 25, 2020.
             Was a Follower of Trog.
             Slain by a gnoll (4 damage)
             ... on level 1 of the Dungeon.
             The game lasted 00:00:10 (36 turns).

Apogee the Chopper (Hill Orc Berserker)               Turns: 36, Time: 00:00:10

Health: -1/30      AC:  2    Str: 19    XL:     1   Next: 20%
Magic:  1/1        EV: 12    Int:  7    God:    Trog [*.....]
Gold:   9          SH:  0    Dex: 10    Spells: 0/0 levels left

rFire    . . .     SeeInvis .   a - +0 hand axe
rCold    . . .     Faith    .   (no shield)
rNeg     . . .     Spirit   .   b - +0 animal skin
rPois    .         Reflect  .   (no helmet)
rElec    .         Harm     .   (no cloak)
rCorr    .                      (no gloves)
MR       .....                  (no boots)
Stlth    ..........             (no amulet)
HPRegen  0.10/turn              (no ring)
MPRegen  0.07/turn              (no ring)

@: berserking, very quick
A: no striking features
a: Berserk, Renounce Religion


You were on level 1 of the Dungeon.
You worshipped Trog.
Trog was aware of your devotion.
You were not hungry.

You visited 1 branch of the dungeon, and saw 1 of its levels.

You collected 9 gold pieces.

Inventory:

Hand Weapons
 a - a +0 hand axe (weapon)
Armour
 b - a +0 animal skin (worn)
Comestibles
 e - 2 rations {!d}


   Skills:
 + Level 3.6 Fighting
 * Level 4.1 Axes
 - Level 2.1 Armour
 - Level 1.5 Dodging


You couldn't memorise any spells.
You didn't know any spells.
Your spell library was empty.

Dungeon Overview and Level Annotations

Branches:
Dungeon (1/15)

Altars:


Message History

The giant cockroach bites you but does no damage.
You barely miss the giant cockroach. The giant cockroach barely misses you.
Unknown command.
You hit the giant cockroach. x2
The giant cockroach bites you but does no damage.
The giant cockroach barely misses you.
Unknown command.
You barely miss the giant cockroach. x2; The giant cockroach barely misses you.
The giant cockroach bites you. The giant cockroach barely misses you.
The giant cockroach closely misses you.
Unknown command.
You hit the giant cockroach but do no damage. x2
The giant cockroach closely misses you. x2
Unknown command.
You closely miss the giant cockroach. x2
The giant cockroach barely misses you. The giant cockroach closely misses you.
Unknown command.
You barely miss the giant cockroach.
You hit the giant cockroach but do no damage.
The giant cockroach barely misses you.
The giant cockroach completely misses you.
Unknown command.
You closely miss the giant cockroach. You hit the giant cockroach.
The giant cockroach bites you but does no damage.
The giant cockroach bites you. The giant cockroach barely misses you.
The giant cockroach bites you.
Unknown command.
You closely miss the giant cockroach. x2
The giant cockroach closely misses you.
The giant cockroach bites you but does no damage.
Unknown command.
You hit the giant cockroach.
You kill the giant cockroach!
Trog accepts your kill.
You closely miss the giant cockroach. The giant cockroach bites you.
Unknown command.
You barely miss the giant cockroach. You hit the gnoll but do no damage.
The giant cockroach bites you but does no damage.
The gnoll hits you!
* * * LOW HITPOINT WARNING * * *
The giant cockroach bites you.
* * * LOW HITPOINT WARNING * * *
You are too injured to fight recklessly!
Unknown command.
A red film seems to cover your vision as you go berserk!
You feel yourself moving faster!
You feel mighty! The gnoll hits you.
* * * LOW HITPOINT WARNING * * *
The giant cockroach barely misses you.
You slash the gnoll! You closely miss the giant cockroach. The gnoll hits you.
You die...

### ##≈≈≈≈#
(.########≈≈≈≈####
#.......≈≈≈≈.....
#.).....≈≈≈......
#.......≈≈≈...... #
##......≈≈≈≈...... ...
#.%.....≈≈≈≈......
....?##.?.....≈≈≈≈......
.....rg@......≈≈≈.......
.?....s#......≈≈≈.......
.......#.....≈≈≈≈.......
.....#.######≈≈≈########
#...##. ≈≈≈# .... #.
≈≈## ... #. .♣ #.


You could see a gnoll, a giant cockroach and a rat.

Vanquished Creatures
  A giant cockroach (D:1)
1 creature vanquished.

Notes
Turn   | Place    | Note
-------+----------+-------------------------------------------
     0 | D:1      | Apogee the Hill Orc Berserker began the quest for the Orb.
     0 | D:1      | Reached XP level 1. HP: 19/19 MP: 1/1
    36 | D:1      | Slain by a gnoll

Illustrated notes

Levels and vault maps discovered:
D:1:      lemuel_arrival_river_ford, layout_loops_ring, serial_forest,
          infiniplex_forest_straight_2, infiniplex_forest_corner_1,
          infiniplex_forest_straight_2, infiniplex_forest_diagonal,
          infiniplex_forest_straight_5, minmay_tiny_reverse_x

Action                   || total
-------------------------++-------
Melee: Hand axe          ||    13
Invok: Berserk           ||     1
Armor: Animal skin       ||     5
Dodge: Dodged            ||    16

Table legend:
 A = Non-vault XP
 B = Vault XP
 C = Vault XP percentage of total XP
 D = Non-vault monster count
 E = Vault monster count
 F = Vault count percentage of total count
                 A         B        C        D         E       F
            +---------+---------+-------+---------+---------+-------
      Total |       2 |       0 |   0.0 |       1 |       0 |   0.0
            +---------+---------+-------+---------+---------+-------
        D:1 |       2 |       0 |   0.0 |       1 |       0 |   0.0
            +---------+---------+-------+---------+---------+-------
